 Dungeon Crawl Stone Soup version 0.29-a0-834-g1e95ca9f62 (webtiles) character file.

Game seed: 13950455958851381606

934 xian the Slasher (level 7, -3/61 HPs)
             Began as a Pale Draconian Fighter on July 12, 2022.
             Was an Initiate of Wu Jian.
             Succumbed to a gnoll sergeant's poison
             ... on level 6 of the Dungeon on July 13, 2022.
             The game lasted 00:21:51 (6582 turns).

xian the Slasher (Pale Draconian Fighter)           Turns: 6582, Time: 00:21:51

Health: -3/61      AC:  9    Str: 20    XL:     7   Next: 86%
Magic:  7/7        EV: 11    Int:  8    God:    Wu Jian [......]
Gold:   129        SH: 11    Dex: 11    Spells: 6/6 levels left

rFire   . . .      SeeInvis +   b - +5 dagger (venom)
rCold   . . .      Faith    .   e - +2 kite shield
rNeg    . . .      Spirit   .   (body armour unavailable)
rPois   .          Reflect  .   (helmet restricted)
rElec   .          Harm     .   d - +2 cloak
rCorr   .          Rampage  .   (no gloves)
Will    .....                   (no boots)
Stlth   ++........              (no amulet)
HPRegen 0.20/turn               p - ring of wizardry
MPRegen 0.10/turn               j - ring of see invisible

@: lethally poisoned (-3 -> -25)
A: breathe steam, AC +6, unfitting armour, cold-blooded, steam resistance
a: Breathe Steam, Renounce Religion


You were on level 6 of the Dungeon.
You worshipped Wu Jian.
Wu Jian was noncommittal.
You visited 2 branches of the dungeon, and saw 7 of its levels.

You collected 326 gold pieces.
You spent 197 gold pieces at shops.

Inventory:

Hand Weapons
 b - a +5 dagger of venom (weapon)
Missiles
 f - 6 atropa-tipped darts (quivered)
 l - 3 boomerangs
Armour
 d - a +2 cloak (worn)
 e - a +2 kite shield (worn)
Jewellery
 j - a ring of see invisible (right hand)
 p - a ring of wizardry (left hand)
Scrolls
 a - a scroll of fog {unknown}
 g - a scroll of amnesia
 h - 4 scrolls of teleportation
 i - a scroll of poison {unknown}
 k - a scroll of summoning
Potions
 c - a potion of degeneration {unknown}
 m - a potion of ambrosia {unknown}
 n - a potion of brilliance {unknown}


   Skills:
 + Level 5.2 Fighting
 + Level 1.6(3.7) Short Blades
 + Level 5.2(5.4) Long Blades
 + Level 0.1 Throwing
 + Level 4.5 Dodging
 + Level 1.8 Stealth
 + Level 5.0 Shields


You had 6 spell levels left.
You didn't know any spells.
Your spell library contained the following spells:

 Spells                   Type           Power      Damage    Failure   Level
 Beastly Appendage        Tmut           0%         N/A       43%         1
 Magic Dart               Conj           0%         1d3       43%         1
 Call Imp                 Summ           0%         N/A       56%         2
 Searing Ray              Conj           0%         2d4       56%         2
 Wereblood                Tmut           0%         N/A       56%         2
 Gell's Gravitas          Tloc           0%         N/A       78%         3
 Lesser Beckoning         Tloc           0%         N/A       78%         3
 Mephitic Cloud           Conj/Pois/Air  0%         N/A       78%         3
 Spider Form              Tmut/Pois      0%         N/A       78%         3
 Teleport Other           Tloc           0%         N/A       78%         3
 Anguish                  Hex/Necr       0%         N/A       99%         4
 Fulminant Prism          Conj/Hex       0%         3d6       99%         4
 Summon Ice Beast         Ice/Summ       0%         N/A       99%         4
 Summon Mana Viper        Hex/Summ       0%         N/A       100%        5
 Enfeeble                 Hex            0%         N/A       100%        7
 Monstrous Menagerie      Summ           0%         N/A       100%        7


Dungeon Overview and Level Annotations

Branches:
Dungeon (6/15)             Temple (1/1) D:4

Altars:
Cheibriados
Dithmenos
Elyvilon
Gozag
Hepliaklqana
Makhleb
Nemelex Xobeh
Okawaru
Qazlal
Ru
Vehumet
Wu Jian
Yredelemnul
Zin
The Shining One

Shops:
D:3 !   D:5 *

Annotations:
D:3 3 runed translucent doors, bchevrier's ghost, amateur GnWn


Innate Abilities, Weirdness & Mutations

You can breathe blasts of scalding, opaque steam.
Your pale cyan-grey scales are hard. (AC +6)
You cannot fit into any form of body armour.
You are cold-blooded and may be slowed by cold attacks.
You are immune to the effects of steam.


Message History

You kill the gnoll!
The Council accepts your kill. The gnoll hits you but does no damage.
A gnoll comes into view. It is wielding a +0 halberd.
The ogre attacks as you move away! The ogre closely misses you.
A hound comes into view.
You block the gnoll's attack.
The gnoll sergeant hits you from afar with a +8 trident of venom.
The ogre attacks as you move away! You block the ogre's attack.
A gnoll comes into view. It is wielding a +0 club.
You see here a fizzy silvery potion.
m - a fizzy silvery potion You barely miss the ogre.
The gnoll barely misses you. The ogre hits you with a +0 giant club!
You hit the ogre but do no damage.
The ogre is poisoned.
You block the ogre's attack.
The gnoll shouts!
You hit the ogre.
The ogre looks as sick as possible!
The ogre is moderately wounded.
You hear a shout!
The gnoll sergeant barely misses you.
You hear a bark!
You hear a shout!
You barely miss the ogre.
The ogre is moderately wounded.
The ogre closely misses you.
The gnoll sergeant hits you from afar with a +8 trident of venom.
You are poisoned.
You hit the ogre but do no damage.
The ogre looks as sick as possible!
You tail-slap the ogre, but do no damage.
The ogre is moderately wounded.
You feel very sick.
The gnoll sergeant hits you from afar with a +8 trident of venom!
You are more poisoned.
The ogre hits you with a +0 giant club!!
* * * LOW HITPOINT WARNING * * *
Okay, then.
Unknown command.
As you read the scroll labelled ZELOIGH LUEG, it crumbles to dust.
Wisps of shadow whirl around you...
It was a scroll of summoning.
You die...

# #.#########
#......5Sh#
###...##@#
#.<.#.##O#
#.###..#g# #.#
#..g# #.#####.g#
###.#.....##
#......g.g##.####
#####.....).g...#
#.......###h.


You could see an ogre (extremely poisoned, ally target), a gnoll sergeant, 3
gnolls, a friendly hound (summoned), a friendly adder (summoned) and a friendly
ufetubus (summoned, wandering).

Vanquished Creatures
  2 black bears
  A phantom (D:3)
  A kobold brigand (D:4)
  A necrophage (D:4)
  A wyvern zombie (D:5)
  A water moccasin zombie (D:5)
  2 bullfrog zombies (D:5)
  A hound (D:5)
  A gnoll bouda (D:5)
  An iguana (D:4)
  2 hound zombies (D:5)
  8 gnolls
  9 adders
  A white imp (D:5)
  5 dart slugs
  6 orcs (D:4)
  6 bats
  7 endoplasms
  4 giant cockroaches
  9 goblins
  6 hobgoblins
  3 quokkas
  6 ball pythons
  3 frilled lizards
  15 kobolds
  9 rats
111 creatures vanquished.

Vanquished Creatures (others)
  A plant (D:4)
1 creature vanquished.

Grand Total: 112 creatures vanquished

Notes
Turn   | Place    | Note
-------+----------+-------------------------------------------
     0 | D:1      | xian the Draconian Fighter began the quest for the Orb.
     0 | D:1      | Reached XP level 1. HP: 19/19 MP: 1/1
   189 | D:1      | Found a faded altar of an unknown god.
   599 | D:1      | Reached XP level 2. HP: 26/26 MP: 2/2
  1292 | D:2      | Reached XP level 3. HP: 33/33 MP: 3/3
  1760 | D:3      | Noticed a phantom
  1764 | D:3      | Found Ocaono Sekk's Distillery.
  1777 | D:3      | Killed a phantom
  1778 | D:3      | Reached XP level 4. HP: 31/40 MP: 4/4
  1791 | D:3      | Bought a potion of curing for 36 gold pieces
  1791 | D:3      | Bought a potion of heal wounds for 60 gold pieces
  2051 | D:3      | Reached XP level 5. HP: 39/46 MP: 5/5
  2058 | D:3      | Found a sparkling altar of Nemelex Xobeh.
  2319 | D:3      | Found a runed translucent gate.
  2320 | D:3      | Found a runed translucent gate.
  2320 | D:3      | Noticed bchevrier's ghost (amateur GnWn)
  2321 | D:3      | Found a runed translucent gate.
  2322 | D:3      | Identified the +6 spear of Cheibriados's Fury {pain, Will+}
  2643 | D:3      | Found a snail-covered altar of Cheibriados.
  2689 | D:3      | Found a glowing silver altar of Zin.
  2893 | D:3      | Found a white marble altar of Elyvilon.
  3275 | D:4      | Found a staircase to the Ecumenical Temple.
  3293 | Temple   | Entered the Ecumenical Temple
  3384 | Temple   | Became a worshipper of the Wu Jian Council
  3433 | D:4      | Noticed a black bear
  3451 | D:4      | Killed a black bear
  3452 | D:4      | Reached XP level 6. HP: 17/53 MP: 6/6
  3985 | D:4      | Found an iron altar of Okawaru.
  4018 | D:4      | Found a stormy altar of Qazlal.
  4264 | D:4      | Found a hazy altar of Hepliaklqana.
  4745 | D:5      | Entered Level 5 of the Dungeon
  4767 | D:4      | Reached skill level 1 in Stealth
  4931 | D:4      | Your scales start taking on a pale cyan-grey colour.
  4931 | D:4      | Reached XP level 7. HP: 11/60 MP: 7/7
  4931 | D:4      | Gained mutation: You are immune to the effects of steam.
                  | [Pale Draconian growth]
  5210 | D:5      | Reached skill level 5 in Long Blades
  5567 | D:5      | Reached skill level 5 in Fighting
  5585 | D:5      | Found a basalt altar of Yredelemnul.
  5613 | D:5      | HP: 2/61 [wyvern zombie (3)]
  5619 | D:5      | HP: 2/61 [wyvern zombie (8)]
  5954 | D:5      | Reached skill level 1 in Short Blades
  5991 | D:5      | Found Eley's Assorted Antiques.
  5994 | D:5      | Bought a fizzy sapphire potion for 23 gold pieces
  5994 | D:5      | Bought a scroll labelled FAFALUTISO for 26 gold pieces
  5994 | D:5      | Bought a scroll of identify for 52 gold pieces
  6415 | D:5      | Reached skill level 5 in Shields
  6581 | D:6      | HP: 2/61 [ogre/+0 giant club (26)]
  6582 | D:6      | Succumbed to a gnoll sergeant's poison

Illustrated notes

Levels and vault maps discovered:
D:1:      saegor_arrival_simple_c, layout_loops_ring,
          ebering_ecumenical_altar_sacrificial, minmay_octomino_e4
D:2:      layout_rooms
D:3:      layout_basic, nicolae_overflow_quartered_altars, serial_shops,
          nicolae_shop_crystal, biasface_ghost_orc_armoury, minmay_diced_spiral
D:4:      cheibrodos_thug_alley, layout_loops_ring, kennysheep_little_box,
          lemuel_round_altar, grunt_qazlal_sundering,
          minmay_temple_entry_slanted, saegor_snake_ambush
D:5:      layout_basic, nicolae_yredelemnul_corpse_copse, serial_shops,
          nicolae_shop_behind_doors
D:6:      layout_rooms, mainiacjoe_overflow_surrounded_room
Temple:   oiseaux_autumnal_temple

Skill      XL: |  1  2  3  4  5  6  7 |
---------------+----------------------+-----
Dodging        | 3 4 |  4.5
Fighting       | 4 5 |  5.2
Long Blades    | 3 4 5 |  5.2
Shields        | 4 5 |  5.0
Stealth        | 1 |  1.8
Short Blades   | 1 |  1.6
Throwing       | |  0.1

Action                   |  1- 3 |  4- 6 |  7- 9 || total
-------------------------+-------+-------+-------++-------
Melee: Long sword        |   117 |   220 |       ||   337
       Tailslap          |    12 |    20 |    26 ||    58
       Dagger            |       |       |   106 ||   106
Throw: Dart              |       |     4 |       ||     4
Invok: Lunge             |       |     8 |     5 ||    13
 Abil: Breathe Steam     |       |       |     2 ||     2
  Use: Scroll            |     6 |       |    11 ||    17
       Potion            |     1 |     3 |     1 ||     5
 Stab: Sleeping          |     2 |       |       ||     2
       Distracted        |       |     1 |       ||     1
Armor: Skin              |    54 |   137 |    33 ||   224
Dodge: Dodged            |    60 |   155 |    59 ||   274
Block: Kite shield       |    61 |   129 |    52 ||   242
       Buckler           |     1 |       |       ||     1

Table legend: (Time is in decaauts)
 A = Elapsed time spent in this place.
 B = Non-inter-level travel time spent in this place.
 C = Inter-level travel time spent in this place.
 D = Time resting spent in this place.
 E = Time spent auto-exploring this place.
 F = Levels seen in this place.
 G = Mean time per level.
                   A        B        C        D        E       F      G
               +--------+--------+--------+--------+--------+-----+--------+
         Total |   6765 |   6530 |    235 |    187 |   4467 |   7 |  966.4 |
       Dungeon |   6644 |   6455 |    189 |    187 |   4402 |   6 | 1107.3 |
        Temple |    121 |     75 |     46 |      0 |     65 |   1 |  121.0 |
               +--------+--------+--------+--------+--------+-----+--------+

Top non-repeatable levels by time:
     D:4: 2629 daAuts
     D:3: 1338 daAuts
     D:1: 1038 daAuts
     D:5: 852 daAuts
     D:2: 760 daAuts
  Temple: 121 daAuts
     D:6: 25 daAuts
